TOP OF THE 1ST |
Lynchburg Hillcats batting - Pitching for High Desert Mavericks : RHP Jason Williams
|
Pitching: RHP Jason Williams
|
|
Batting: LHB Nick Welling
|
0-0: Called Strike 0-1: Ball 1-1: Foul Ball, location: 2F 1-2: Foul Ball, location: 2F 1-2: Fly out, F6 (Popup, 6M, EV 61.2 MPH)
|
Batting: RHB Josh Patterson
|
0-0: Ball 1-0: Ball 2-0: Called Strike 2-1: Swinging Strike 2-2: Strikes out swinging
|
Batting: LHB Jeff Palmowski
|
0-0: Ball 1-0: SINGLE (Groundball, P, EV 92.5 MPH) (infield hit)
|
Batting: RHB Carlos Abrego
|
0-0: Called Strike 0-1: Ball 1-1: Fielders Choice at 2nd, 5-4 (Groundball, 56, EV 100.6 MPH)
|
Top of the 1st over - 0 runs, 1 hit, 0 errors, 1 left on base; Lynchburg 0 - High Desert 0 |
BOTTOM OF THE 1ST |
High Desert Mavericks batting - Pitching for Lynchburg Hillcats : RHP Gordie Pierson
|
Pitching: RHP Gordie Pierson
|
|
Batting: RHB Ron Corn
|
0-0: Ball 1-0: Ball 2-0: Ball 3-0: Foul Ball, location: 2F 3-1: Called Strike 3-2: Ground out 1-3 (Groundball, 15S, EV 66.9 MPH)
|
Batting: RHB Sean Neuroth
|
0-0: Swinging Strike 0-1: Ball 1-1: Called Strike 1-2: Ball 2-2: Strikes out looking
|
Batting: LHB Nick Foutz
|
0-0: Called Strike 0-1: Ball 1-1: Foul Ball, location: 2F 1-2: Strikes out swinging
|
Bottom of the 1st over - 0 runs, 0 hits, 0 errors, 0 left on base; Lynchburg 0 - High Desert 0 |
TOP OF THE 2ND |
Lynchburg Hillcats batting - Pitching for High Desert Mavericks : RHP Jason Williams
|
Batting: RHB Jeremy Givens
|
0-0: Ball 1-0: Ball 2-0: Ball 3-0: Called Strike 3-1: Foul Ball, location: 2F 3-2: DOUBLE (Line Drive, 9LM, EV 111.9 MPH)
|
Batting: RHB Tony Gonzales
|
0-0: Called Strike 0-1: Called Strike 0-2: Fly out, F8 (Flyball, 8RD, EV 95.6 MPH)
|
Batting: RHB Patrick Pinault
|
0-0: Ball 1-0: Called Strike 1-1: SINGLE (Flyball, 4D, EV 82.5 MPH) Jeremy Givens to third
|
Batting: RHB Justin Young
|
0-0: Called Strike 0-1: Called Strike Patrick Pinault steals 2nd base (no throw) 0-2: Ball 1-2: Foul Ball, location: 2F 1-2: Foul Ball, location: 2F 1-2: Foul Ball, location: 2F 1-2: SINGLE (Groundball, 6MD, EV 98.1 MPH) Jeremy Givens scores Patrick Pinault to third
|
Batting: RHB Kenzo Shinoda
|
0-0: SINGLE (Groundball, 34, EV 105.0 MPH) Patrick Pinault scores Justin Young to second Runner from 2nd tries for 3rd, SAFE, throw by RF made to third
|
Batting: LHB Nick Welling
|
0-0: Ball Kenzo Shinoda steals 2nd base 1-0: Ball 2-0: Fly out, F8 (Flyball, 8RXD, EV 87.5 MPH) Runner from 3rd tags up, SCORES, no throw by CF Kenzo Shinoda to third
|
Batting: RHB Josh Patterson
|
0-0: Ball 1-0: Ball 2-0: Foul Ball, location: 2F 2-1: Ball 3-1: Foul Ball, location: 2F 3-2: Ground out 5-3 (Groundball, 5, EV 98.8 MPH)
|
Top of the 2nd over - 3 runs, 4 hits, 0 errors, 1 left on base; Lynchburg 3 - High Desert 0 |
BOTTOM OF THE 2ND |
High Desert Mavericks batting - Pitching for Lynchburg Hillcats : RHP Gordie Pierson
|
Batting: RHB Sergio Godinez
|
0-0: Called Strike 0-1: Ball 1-1: Fly out, F9 (Flyball, 89M, EV 86.9 MPH)
|
Batting: LHB Yat-sen Zhu
|
0-0: Ball 1-0: Fly out, F8 (Line Drive, 8LM, EV 100.6 MPH)
|
Batting: RHB Matt Sanders
|
0-0: Called Strike 0-1: Ball 1-1: Foul Ball, location: 2F 1-2: Ground out 4-3 (Groundball, 6M, EV 102.5 MPH)
|
Bottom of the 2nd over - 0 runs, 0 hits, 0 errors, 0 left on base; Lynchburg 3 - High Desert 0 |
TOP OF THE 3RD |
Lynchburg Hillcats batting - Pitching for High Desert Mavericks : RHP Jason Williams
|
Batting: LHB Jeff Palmowski
|
0-0: Called Strike 0-1: Ball 1-1: Ball 2-1: SOLO HOME RUN (Flyball, 8LXD, EV 115.6 MPH), Distance : 445 ft
|
Batting: RHB Carlos Abrego
|
0-0: Called Strike 0-1: Ball 1-1: Ball 2-1: Foul Ball, location: 2F 2-2: Ball 3-2: SOLO HOME RUN (Flyball, 78XD, EV 108.1 MPH), Distance : 427 ft
|
Batting: RHB Jeremy Givens
|
0-0: Foul Ball, location: 2F 0-1: Ball 1-1: SINGLE (Groundball, 25, EV 64.4 MPH) (infield hit)
|
Batting: RHB Tony Gonzales
|
0-0: SINGLE (Groundball, 6D, EV 97.5 MPH) Jeremy Givens to second Jeremy Givens to third
|
Batting: RHB Patrick Pinault
|
0-0: Ball Tony Gonzales steals 2nd base 1-0: Fly out, F7 (Flyball, 7S, EV 93.8 MPH)
|
Batting: RHB Justin Young
|
0-0: Swinging Strike 0-1: Foul Ball, location: 2F 0-2: 3-RUN HOME RUN (Flyball, 89XD, EV 108.1 MPH), Distance : 431 ft
|
Pitching: RHP Ray Duncan
|
|
Batting: RHB Kenzo Shinoda
|
0-0: Foul Ball, location: 2F 0-1: Ball 1-1: Ball 2-1: Foul Ball, location: 2F 2-2: Strikes out looking
|
Batting: LHB Nick Welling
|
0-0: Ball 1-0: Fly out, F8 (Line Drive, 8LM, EV 91.9 MPH)
|
Top of the 3rd over - 5 runs, 5 hits, 0 errors, 0 left on base; Lynchburg 8 - High Desert 0 |
BOTTOM OF THE 3RD |
High Desert Mavericks batting - Pitching for Lynchburg Hillcats : RHP Gordie Pierson
|
Batting: RHB Dennis Daniels
|
0-0: SINGLE (Groundball, 6S, EV 66.2 MPH) (infield hit)
|
Batting: RHB Luis Arce
|
0-0: Called Strike Dennis Daniels is caught stealing 2nd base 2-4 0-1: Swinging Strike 0-2: Strikes out swinging
|
Batting: SHB Isaiah Cherry
|
0-0: Called Strike 0-1: Foul Ball, location: 2F 0-2: Ball 1-2: Foul Ball, location: 2F 1-2: Fly out, F8 (Flyball, 8RM, EV 83.1 MPH)
|
Bottom of the 3rd over - 0 runs, 1 hit, 0 errors, 0 left on base; Lynchburg 8 - High Desert 0 |
TOP OF THE 4TH |
Lynchburg Hillcats batting - Pitching for High Desert Mavericks : RHP Ray Duncan
|
Batting: RHB Josh Patterson
|
0-0: Ball 1-0: Ball 2-0: Called Strike 2-1: Called Strike 2-2: Ball 3-2: Foul Ball, location: 2F 3-2: SINGLE (Line Drive, 9S, EV 100.6 MPH)
|
Batting: LHB Jeff Palmowski
|
0-0: Called Strike 0-1: Called Strike 0-2: Strikes out swinging
|
Batting: RHB Carlos Abrego
|
0-0: Ball 1-0: Foul Ball, location: 2F 1-1: Ball 2-1: Grounds into double play, 5-4-3 (Groundball, 56, EV 85.0 MPH)
|
Top of the 4th over - 0 runs, 1 hit, 0 errors, 0 left on base; Lynchburg 8 - High Desert 0 |
BOTTOM OF THE 4TH |
High Desert Mavericks batting - Pitching for Lynchburg Hillcats : RHP Gordie Pierson
|
Batting: RHB Ron Corn
|
0-0: Ball 1-0: Ball 2-0: Swinging Strike 2-1: Fly out, F8 (Flyball, 8LD, EV 100.6 MPH)
|
Batting: RHB Sean Neuroth
|
0-0: Ball 1-0: Fly out, F8 (Flyball, 89D, EV 100.6 MPH)
|
Batting: LHB Nick Foutz
|
0-0: Hit by Pitch
|
Batting: RHB Sergio Godinez
|
0-0: Ball Nick Foutz is caught stealing 2nd base 2-4
|
Bottom of the 4th over - 0 runs, 0 hits, 0 errors, 0 left on base; Lynchburg 8 - High Desert 0 |
TOP OF THE 5TH |
Lynchburg Hillcats batting - Pitching for High Desert Mavericks : RHP Ray Duncan
|
Batting: RHB Jeremy Givens
|
0-0: Ball 1-0: Foul Ball, location: 2F 1-1: Foul Ball, location: 2F 1-2: Strikes out swinging
|
Batting: RHB Tony Gonzales
|
0-0: Ground out 6-3 (Groundball, 6MD, EV 87.5 MPH)
|
Batting: RHB Patrick Pinault
|
0-0: Called Strike 0-1: Called Strike 0-2: Ball 1-2: Strikes out looking
|
Top of the 5th over - 0 runs, 0 hits, 0 errors, 0 left on base; Lynchburg 8 - High Desert 0 |
BOTTOM OF THE 5TH |
High Desert Mavericks batting - Pitching for Lynchburg Hillcats : RHP Gordie Pierson
|
Batting: RHB Sergio Godinez
|
0-0: Called Strike 0-1: Foul Ball, location: 2F 0-2: Ball 1-2: Foul Ball, location: 2F 1-2: Strikes out looking
|
Batting: LHB Yat-sen Zhu
|
0-0: Ball 1-0: Ball 2-0: Ball 3-0: Called Strike 3-1: Base on Balls
|
Batting: RHB Matt Sanders
|
0-0: Fielders Choice at 2nd, 5-4 (Groundball, 5, EV 83.1 MPH)
|
Batting: RHB Dennis Daniels
|
0-0: Foul Ball, location: 2F 0-1: Ball 1-1: Called Strike Matt Sanders steals 2nd base 1-2: Foul Ball, location: 2F 1-2: Ball 2-2: Ground out 3-1 (Groundball, 34S, EV 84.4 MPH)
|
Bottom of the 5th over - 0 runs, 0 hits, 0 errors, 1 left on base; Lynchburg 8 - High Desert 0 |
TOP OF THE 6TH |
Lynchburg Hillcats batting - Pitching for High Desert Mavericks : RHP Ray Duncan
|
Batting: RHB Justin Young
|
0-0: Called Strike 0-1: Foul Ball, location: 2F 0-2: Strikes out swinging
|
Batting: RHB Kenzo Shinoda
|
0-0: Ball 1-0: Foul Ball, location: 2F 1-1: Ball 2-1: Ball 3-1: Called Strike 3-2: Foul Ball, location: 2F 3-2: Fly out, F8 (Line Drive, 89M, EV 88.8 MPH)
|
Batting: LHB Nick Welling
|
0-0: Ball 1-0: Ball 2-0: Called Strike 2-1: Called Strike 2-2: Strikes out looking
|
Top of the 6th over - 0 runs, 0 hits, 0 errors, 0 left on base; Lynchburg 8 - High Desert 0 |
BOTTOM OF THE 6TH |
High Desert Mavericks batting - Pitching for Lynchburg Hillcats : RHP Gordie Pierson
|
Batting: RHB Luis Arce
|
0-0: Called Strike 0-1: Foul Ball, location: 2F 0-2: Strikes out swinging
|
Batting: SHB Isaiah Cherry
|
0-0: Foul Ball, location: 2F 0-1: Ball 1-1: Foul Ball, location: 2F 1-2: Ball 2-2: Foul Ball, location: 2F 2-2: Foul Ball, location: 2F 2-2: Ball 3-2: Foul Ball, location: 2F 3-2: Ground out U3 (Groundball, 3, EV 102.5 MPH)
|
Batting: RHB Ron Corn
|
0-0: SINGLE (Line Drive, 34D, EV 103.1 MPH)
|
Batting: RHB Sean Neuroth
|
0-0: Ball 1-0: Called Strike Ron Corn steals 2nd, throwing error, E2 Ron Corn to third 1-1: Swinging Strike 1-2: DOUBLE (Line Drive, 89D, EV 112.5 MPH) Ron Corn scores
|
Batting: LHB Nick Foutz
|
0-0: Ball 1-0: Ball 2-0: Called Strike 2-1: Foul Ball, location: 2F 2-2: Ball 3-2: Ground out 4-3 (Groundball, 34, EV 111.2 MPH)
|
Bottom of the 6th over - 1 run, 2 hits, 1 error, 1 left on base; Lynchburg 8 - High Desert 1 |
TOP OF THE 7TH |
Lynchburg Hillcats batting - Pitching for High Desert Mavericks : RHP Ray Duncan
|
Batting: RHB Josh Patterson
|
0-0: Ball 1-0: Called Strike 1-1: Ball 2-1: Ball 3-1: Foul Ball, location: 2F 3-2: Foul Ball, location: 2F 3-2: Fly out, F4 (Line Drive, 4M, EV 61.2 MPH)
|
Batting: LHB Jeff Palmowski
|
0-0: Swinging Strike 0-1: Ball 1-1: Ball 2-1: Swinging Strike 2-2: Ball 3-2: Strikes out swinging
|
Batting: RHB Carlos Abrego
|
0-0: Called Strike 0-1: Ball 1-1: Foul Ball, location: 2F 1-2: Strikes out swinging
|
Top of the 7th over - 0 runs, 0 hits, 0 errors, 0 left on base; Lynchburg 8 - High Desert 1 |
BOTTOM OF THE 7TH |
High Desert Mavericks batting - Pitching for Lynchburg Hillcats : RHP Gordie Pierson
|
Now in LF: Steve Gusman
|
|
Now in RF: Devon Grant
|
|
Batting: RHB Sergio Godinez
|
0-0: Ball 1-0: Ground out 5-3 (Groundball, 56S, EV 75.0 MPH)
|
Pinch Hitting: RHB Torsten Fisher
|
0-0: Ground out 4-3 (Groundball, 6MS, EV 80.0 MPH)
|
Batting: RHB Matt Sanders
|
0-0: Called Strike 0-1: Swinging Strike 0-2: Strikes out swinging
|
Bottom of the 7th over - 0 runs, 0 hits, 0 errors, 0 left on base; Lynchburg 8 - High Desert 1 |
TOP OF THE 8TH |
Lynchburg Hillcats batting - Pitching for High Desert Mavericks : RHP Ray Duncan
|
Now at 1B: Torsten Fisher
|
|
Batting: RHB Jeremy Givens
|
0-0: Fly out, F9 (Flyball, 89M, EV 93.8 MPH)
|
Pitching: LHP Ryan Tillett
|
|
Batting: RHB Tony Gonzales
|
0-0: Hit by Pitch
|
Batting: RHB Patrick Pinault
|
0-0: DOUBLE (Line Drive, 3D, EV 103.1 MPH) Tony Gonzales to third Runner from 3rd tries for Home, throw by RF and OUT! 9-4-2 Patrick Pinault to third
|
Batting: RHB Justin Young
|
0-0: Ball 1-0: Swinging Strike 1-1: Ball 2-1: Foul Ball, location: 2F 2-2: Foul Ball, location: 2F 2-2: Ball 3-2: Base on Balls
|
Batting: RHB Kenzo Shinoda
|
0-0: Ball 1-0: Fielders Choice at 2nd, 6-4 (Groundball, 6, EV 87.5 MPH)
|
Top of the 8th over - 0 runs, 1 hit, 0 errors, 2 left on base; Lynchburg 8 - High Desert 1 |
BOTTOM OF THE 8TH |
High Desert Mavericks batting - Pitching for Lynchburg Hillcats : RHP Gordie Pierson
|
Pinch Hitting: LHB Ben Radach
|
0-0: Ball 1-0: Foul Ball, location: 2F 1-1: Ground out 3-1 (Groundball, 34S, EV 89.4 MPH)
|
Batting: RHB Luis Arce
|
0-0: Ball 1-0: DOUBLE (Groundball, 5L, EV 101.2 MPH)
|
Pitching: RHP Oscar Alvarado
|
|
Batting: SHB Isaiah Cherry
|
0-0: Swinging Strike 0-1: Ground out 6-3 (Groundball, 6, EV 100.0 MPH)
|
Batting: RHB Ron Corn
|
0-0: Ball 1-0: Called Strike 1-1: SINGLE (Line Drive, 78S, EV 103.1 MPH) Luis Arce to third Runner from 3rd tries for Home, SAFE, throw by LF to home
|
Batting: RHB Sean Neuroth
|
0-0: Foul Ball, location: 2F 0-1: Foul Ball, location: 2F 0-2: Ball 1-2: Foul Ball, location: 2F 1-2: Foul Ball, location: 2F 1-2: Ball 2-2: Foul Ball, location: 2F 2-2: Ball 3-2: Ground out 4-3 (Groundball, 34, EV 86.9 MPH)
|
Bottom of the 8th over - 1 run, 2 hits, 0 errors, 1 left on base; Lynchburg 8 - High Desert 2 |
TOP OF THE 9TH |
Lynchburg Hillcats batting - Pitching for High Desert Mavericks : LHP Ryan Tillett
|
Now at SS: Aaron Graham
|
|
Batting: RHB Steve Gusman
|
0-0: Called Strike 0-1: Swinging Strike 0-2: Ball 1-2: Ball 2-2: Strikes out looking
|
Batting: RHB Josh Patterson
|
0-0: Ball 1-0: Ball 2-0: Called Strike 2-1: Swinging Strike 2-2: Ball 3-2: Ground out 2-3 (Groundball, 2L, EV 68.1 MPH)
|
Batting: LHB Devon Grant
|
0-0: Ball 1-0: Called Strike 1-1: SINGLE (Line Drive, 4D, EV 109.4 MPH)
|
Batting: RHB Carlos Abrego
|
0-0: Called Strike 0-1: 2-RUN HOME RUN (Line Drive, 9D, EV 101.9 MPH), Distance : 414 ft
|
Batting: RHB Jeremy Givens
|
0-0: Ball 1-0: Ground out U3 (Groundball, 34S, EV 80.0 MPH)
|
Top of the 9th over - 2 runs, 2 hits, 0 errors, 0 left on base; Lynchburg 10 - High Desert 2 |
BOTTOM OF THE 9TH |
High Desert Mavericks batting - Pitching for Lynchburg Hillcats : RHP Oscar Alvarado
|
Batting: LHB Nick Foutz
|
0-0: Swinging Strike 0-1: Foul Ball, location: 2F 0-2: Ground out 5-3 (Groundball, 6, EV 80.6 MPH)
|
Batting: RHB Sergio Godinez
|
0-0: Ball 1-0: Ball 2-0: Ball 3-0: Base on Balls
|
Pinch Hitting: RHB Theo van Gent
|
0-0: Called Strike 0-1: Ball 1-1: Ball 2-1: Foul Ball, location: 2F 2-2: Ball 3-2: Strikes out swinging
|
Batting: RHB Matt Sanders
|
0-0: Ball 1-0: Foul Ball, location: 2F 1-1: Ball 2-1: Ball 3-1: Base on Balls Sergio Godinez to second
|
Batting: RHB Aaron Graham
|
0-0: Ball 1-0: Ball 2-0: Called Strike 2-1: Ball 3-1: Base on Balls Sergio Godinez to third Matt Sanders to second
|
Batting: RHB Luis Arce
|
0-0: Ball 1-0: Ball Passed Ball! Sergio Godinez scores Matt Sanders to third Aaron Graham to second 2-0: Foul Ball, location: 2F 2-1: Foul Ball, location: 2F 2-2: Ball 3-2: Ground out 6-3 (Groundball, 6, EV 83.8 MPH)
|
Bottom of the 9th over - 1 run, 0 hits, 0 errors, 2 left on base; Lynchburg 10 - High Desert 3 |
|